AoeStats
← Faze_Plo

Arabia

507657131Analyzed
1v1 RM · 11d ago on Sep 19, 2026· 48m 26s· 2 players
Game mode
Random Map
Map size
Tiny (2 player)
Population
200
Speed
Normal
Resources
Standard
Victory
Conquest
Starting age
Dark Age
Ending age
Imperial Age
RankedLock teamsTeams togetherTeam positionsShared explorationLock speedFull tech treeHidden civsTurbo modeCheats
Victory
Defeat
🇺🇸 Armenians · United States
977
+15
🇺🇸 Maya · United States
954
-15
Faze_Plo
0:25 Loom
10:34 Feudal Age
17:49 Fletching
21:27 Castle Age
19:31 Horse Collar
19:37 Double-Bit Axe
20:42 Padded Archer Armor
24:28 Wheelbarrow
23:59 Crossbowman
25:48 Thumb Ring
27:06 Heavy Plow
27:18 Bow Saw
27:00 Gold Mining
27:01 Stone Mining
27:36 Leather Archer Armor
37:01 Imperial Age
34:47 Hand Cart
35:03 Ballistics
35:48 Town Watch
38:57 Heavy Scorpion
39:03 Arbalester
40:43 Town Patrol
42:55 Conscription
43:40 Crop Rotation
42:54 Treadmill Crane
42:49 Pikeman
43:29 Squires
43:26 Bodkin Arrow
46:43 Arbalester
47:55 Ring Archer Armor
HiroNakamura152
12:27 Feudal Age
11:07 Loom
12:50 Man-at-Arms
13:46 Arson
13:57 Double-Bit Axe
16:22 Long Swordsman
26:29 Castle Age
25:11 Fletching
26:14 Scale Mail Armor
26:17 Horse Collar
26:53 Gold Mining
27:41 Forging
27:50 Chain Mail Armor
27:20 Two-Handed Swordsman
27:29 Elite Skirmisher
32:47 Bodkin Arrow
36:14 Wheelbarrow
36:51 Bloodlines
42:07 Imperial Age
40:28 Hand Cart
40:37 Ballistics
40:42 Bow Saw
41:07 Gold Shaft Mining
40:43 Light Cavalry
41:53 Heavy Plow
42:15 Scale Barding Armor
42:12 Husbandry
42:54 Forging
43:26 Chain Barding Armor
47:31 Chemistry
46:32 Bracer
Connection lost

Rejoining the realm…

Still unreachable

The connection could not be restored.

Session expired

The server has moved on; the page needs a fresh start.